 Dungeon Sprint DCSS version 0.23.2-30-g0e89c35649 (webtiles) character file.

Game seed: 3206027454195174588

284 Kobolds4U the Nimble (level 6, -8/32 HPs)
             Began as a Deep Elf Necromancer on June 18, 2019.
             Mangled by a yak (15 damage)
             ... in the Dungeon (Sprint I: "Red Sonja").
             The game lasted 00:03:07 (524 turns).

Kobolds4U the Nimble (Deep Elf Necromancer)          Turns: 524, Time: 00:03:08

Health: -8/32      AC:  2    Str:  6    XL:     6   Next: 7%
Magic:  8/12       EV: 23    Int: 20    God:
Gold:   318        SH:  0    Dex: 16    Spells: 2/11 levels left

rFire    . . .     SeeInvis .   (no weapon)
rCold    . . .     Gourm    .   (no shield)
rNeg     . . .     Faith    .   a - +0 robe
rPois    .         Spirit   .   (no helmet)
rElec    .         Reflect  .   (no cloak)
rCorr    .         Harm     .   (no gloves)
MR       .....     NoTele   +   (no boots)
Stlth    ++........             k - amulet of magic regeneration
HPRegen  0.10/turn              (no ring)
MPRegen  0.38/turn              (no ring)

@: no status effects
A: no striking features
a: no special abilities


You were in the Dungeon.
You were not hungry.

You visited 1 branch You collected 318 gold pieces.

Inventory:

Armour
 a - a +0 robe (worn)
Jewellery
 k - an amulet of magic regeneration (around neck)
Wands
 j - a wand of flame (16)
Scrolls
 i - a scroll of blinking
Potions
 b - a potion of mutation {unknown}
 d - a potion of curing
 e - a potion of heal wounds
 f - a potion of haste
 g - 2 potions of magic
 h - a potion of berserk rage
 l - a potion of lignification {unknown}
Comestibles
 c - a ration


   Skills:
 * Level 14.1 Dodging
 - Level 2.4 Stealth
 - Level 3.0 Spellcasting
 - Level 6.2 Necromancy


You had 2 spell levels left.
You knew the following spells:

 Your Spells              Type           Power        Failure   Level  Hunger
a - Pain                  Necr           ####         1%          1    None
b - Animate Skeleton      Necr           N/A          1%          1    None
c - Vampiric Draining     Necr           ####......   3%          3    ###....
d - Animate Dead          Necr           N/A          11%         4    ####...

Your spell library contained the following spells:

 Spells                   Type           Power        Failure   Level  Hunger
 Regeneration             Chrm/Necr      ###.......   12%         3    ###....


Dungeon Overview and Level Annotations

Branches:
Dungeon (1/1)

Altars:
Cheibriados
Dithmenos
Elyvilon
Fedhas
Hepliaklqana
Kikubaaqudgha
Okawaru
Qazlal
Ru
Sif Muna
Trog
Uskayaw
Vehumet
Wu Jian
Yredelemnul
Zin
The Shining One

Shops:
D (


Message History

Confirm with . or Enter, or press ? or * to list all spells.
Aiming: Pain (safe; 1% risk of failure)
Press: ? - help, Shift-Dir - straight line, f/p - yak
Aim: a yak (heavily wounded, chance to defeat MR: 84%)
The yak writhes in agony!
The yak completely misses you.
Casting: Pain (safe; 1% risk of failure)
Confirm with . or Enter, or press ? or * to list all spells.
Aiming: Pain (safe; 1% risk of failure)
Press: ? - help, Shift-Dir - straight line, f/p - yak
Aim: a yak (severely wounded, chance to defeat MR: 84%)
The yak writhes in agony.
The yak gores you!
Ouch! That really hurt!
* * * LOW HITPOINT WARNING * * *
Casting: Pain (safe; 1% risk of failure)
Confirm with . or Enter, or press ? or * to list all spells.
Aiming: Pain (safe; 1% risk of failure)
Press: ? - help, Shift-Dir - straight line, f/p - yak
Aim: a yak (severely wounded, chance to defeat MR: 84%)
The yak writhes in agony.
The yak gores you!
You die...

################
#<.#..)..#..'..#
#..[..#..)..#..+
#..#####'#####'#
#..# #..#...#.#
#..#__####..##.#
#..#_____##'#_.+
#⌠⌠#_.∩...Y@.._#
####_..__##_.#'#
___ ##+#.# # ###


You could see a yak.

Vanquished Creatures
  Sigmund (D)
  An ogre (D)
  A jelly (D)
  Ijyb (D)
4 creatures vanquished.

Notes
Turn   | Place    | Note
-------+----------+-------------------------------------------
     0 | D        | Kobolds4U the Deep Elf Necromancer began the quest for the
                  | Orb.
     0 | D        | Reached XP level 1. HP: 10/10 MP: 6/6
     1 | D        | Noticed Ijyb
     7 | D        | Killed Ijyb
     7 | D        | Reached skill level 6 in Dodging
     7 | D        | Reached XP level 2. HP: 4/15 MP: 0/8
    10 | D        | Learned a level 1 spell: Animate Skeleton
   233 | D        | Noticed an ogre
   238 | D        | Killed an ogre
   238 | D        | Reached skill level 10 in Dodging
   238 | D        | Reached XP level 3. HP: 14/19 MP: 3/9
   238 | D        | Reached XP level 4. HP: 18/24 MP: 3/10
   328 | D        | Learned a level 3 spell: Vampiric Draining
   333 | D        | Learned a level 4 spell: Animate Dead
   333 | D        | Noticed Sigmund
   340 | D        | Killed Sigmund
   340 | D        | Reached skill level 13 in Dodging
   340 | D        | Reached XP level 5. HP: 12/28 MP: 3/11
   355 | D        | Found an ornate altar of the Wu Jian Council.
   355 | D        | Found a deep blue altar of Sif Muna.
   468 | D        | Reached skill level 14 in Dodging
   468 | D        | Reached XP level 6. HP: 28/32 MP: 6/12
   469 | D        | Found a radiant altar of Vehumet.
   518 | D        | Found Udgheoma's Weapon Emporium.
   518 | D        | Found an ancient bone altar of Kikubaaqudgha.
   518 | D        | Found a hazy altar of Hepliaklqana.
   518 | D        | Found a stormy altar of Qazlal.
   518 | D        | Found a hide-covered altar of Uskayaw.
   518 | D        | Found a blossoming altar of Fedhas.
   518 | D        | Found a bloodstained altar of Trog.
   518 | D        | Found an iron altar of Okawaru.
   518 | D        | Found a basalt altar of Yredelemnul.
   518 | D        | Found a glowing golden altar of the Shining One.
   518 | D        | Found a snail-covered altar of Cheibriados.
   518 | D        | Found a sacrificial altar of Ru.
   518 | D        | Found a glowing silver altar of Zin.
   518 | D        | Found a shadowy altar of Dithmenos.
   518 | D        | Found a white marble altar of Elyvilon.
   518 | D        | Noticed a yak
   524 | D        | Mangled by a yak

Skill      XL: |  1  2  3  4  5 |
---------------+----------------+-----
Dodging        | 6 10 13 14 | 14.1
Necromancy     | 6 |  6.2
Stealth        | |  2.4
Spellcasting   | |  3.0

Action                   |  1- 3 |  4- 6 || total
-------------------------+-------+-------++-------
 Cast: Pain              |    10 |    16 ||    26
       Vampiric Draining |       |     1 ||     1
Dodge: Dodged            |     2 |     4 ||     6
